 Dungeon Crawl Stone Soup version 0.30.1-11-g7821555f0a (webtiles) character file.

Game seed: 13765635209608849253

1050 pkoi the Grappler (level 8, -2/54 HPs)
             Began as a Purple Draconian Warper on Nov 15, 2023.
             Was a Follower of Hepliaklqana.
             Slain by Menkaure (18 damage)
             ... on level 6 of the Dungeon.
             The game lasted 00:07:02 (4761 turns).

pkoi the Grappler (Purple Draconian Warper)         Turns: 4761, Time: 00:07:02

Health: -2/54      AC:  9    Str: 20    XL:     8   Next: 5%
Magic:  11/11      EV: 12    Int: 16    God:    Hepliaklqana [*.....]
Gold:   141        SH:  0    Dex: 13    Spells: 5/11 levels left

rFire   . . .        h - +9 scimitar "Zopued" {flame, rPois Dex+3}
rCold   . . .        (no shield)
rNeg    . . .        (body armour unavailable)
rPois   +            (helmet restricted)
rElec   .            d - +0 cloak
rCorr   .            e - +1 pair of gloves
SInv    .            (no boots)
Will    +....        o - amulet of the acrobat
Stlth   +            q - +6 ring of strength
HPRegen 0.29/turn    (no ring)
MPRegen 0.12/turn

%: acrobat
@: no status effects
A: reduced essence, breathe power, AC +6, unfitting armour, cold-blooded
a: Breathe Dispelling Energy, Renounce Religion, Recall Ancestor, Ancestor
Identity


You were on level 6 of the Dungeon.
You worshipped Hepliaklqana.
Hepliaklqana was aware of your devotion.
You visited 2 branches of the dungeon, and saw 7 of its levels.

You collected 141 gold pieces.

Inventory:

Hand Weapons
 f - a +1 dagger
 h - the +9 scimitar "Zopued" (weapon) {flame, rPois Dex+3}
   (You found it on level 2 of the Dungeon)

   Dex:       It affects your dexterity (+3).
   rPois:     It protects you from poison.
Missiles
 b - 7 boomerangs of dispersal (quivered)
 c - a throwing net
Armour
 d - a +0 cloak (worn)
 e - a +1 pair of gloves (worn)
 n - a scarf of invisibility
Jewellery
 i - a ring of protection from fire
 o - an amulet of the acrobat (around neck)
 q - a +6 ring of strength (left hand)
Wands
 l - a wand of roots (1)
 u - a wand of polymorph (7)
Scrolls
 a - 2 scrolls of blinking
 j - 3 scrolls of magic mapping
 k - 2 scrolls of fog
 t - a scroll of enchant armour
Potions
 g - a potion of haste
 m - a potion of mutation {unknown}
 p - a potion of invisibility
 r - a potion of berserk rage
 s - a potion of resistance


   Skills:
 - Level 2.1 Fighting
 - Level 0.8 Throwing
 - Level 2.1 Dodging
 + Level 8.1 Unarmed Combat
 - Level 2.4 Spellcasting
 + Level 5.7 Translocations
 - Level 1.4 Evocations


You had 5 spell levels left.
You knew the following spells:

 Your Spells              Type           Power      Damage    Failure   Level
a - Blink                 Tloc           40%        N/A       2%          2
b - Manifold Assault      Tloc           20%        N/A       19%         4

Your spell library contained the following spells:

 Spells                   Type           Power      Damage    Failure   Level
 Lesser Beckoning         Tloc           40%        N/A       2%          2
 Teleport Other           Tloc           20%        N/A       5%          3
 Vhi's Electric Charge    Tloc/Air       22%        N/A       19%         3
 Sandblast                Erth           2%         2d4       21%         1
 Passwall                 Tmut/Erth      0%         N/A       30%         2
 Ignite Poison            Fire/Tmut/Pois 1%         N/A       52%         3
 Stone Arrow              Conj/Erth      2%         3d7       52%         3
 Summon Guardian Golem    Hex/Summ       1%         N/A       52%         3
 Summon Forest            Summ/Tloc      5%         N/A       86%         5
 Animate Dead             Necr           1%         N/A       89%         4
 Sticky Flame             Conj/Fire      1%         2d3       89%         4
 Summon Cactus Giant      Summ           0%         N/A       100%        6
 Orb of Destruction       Conj           0%         9d5       100%        7
 Spellforged Servitor     Conj/Summ      0%         N/A       100%        7
 Ignition                 Fire           0%         3d3       100%        8
 Animate Armour           Summ/Erth      Unusable   N/A       N/A         4

Dungeon Overview and Level Annotations

Branches:
Dungeon (6/15)             Temple (1/1) D:5

Altars:
Ashenzari
Cheibriados
Dithmenos
Elyvilon
Fedhas
Gozag
Hepliaklqana
Kikubaaqudgha
Makhleb
Nemelex Xobeh
Okawaru
Ru
Sif Muna
Trog
Uskayaw
Vehumet
Wu Jian
Xom
Yredelemnul
Zin
The Shining One

Annotations:
D:6 Edmund, Menkaure


Innate Abilities, Weirdness & Mutations

Your life essence is reduced to manifest your ancestor. (-10% HP)
You can breathe bolts of dispelling energy.
Your rich purple scales are hard. (AC +6)
You cannot fit into any form of body armour.
You are cold-blooded and may be slowed by cold attacks.


Message History

The howler monkey hoots and howls with incredible vigour!
You hear an angry hiss.
The howler monkey hoots and howls with incredible vigour!
You hear an angry hiss.
You slash the howler monkey! You burn the howler monkey.
You tail-slap the howler monkey.
You kill the howler monkey!
You see here a howler monkey corpse.
There is a stone staircase leading up here.
You climb upwards.
There is a stone staircase leading down here.
There is a stone staircase leading down here.
You climb downwards.
Level annotation: Edmund HP restored.
Hepliaklqana forms a fragment of your life essence into the memory of your ancestor, Khabaw!
You can now recall your ancestor.
You can now remember your ancestor's identity.
There is a stone staircase leading up here.
Unknown command.
Remember Khabaw's name as what?
Kara Yes, Kara is definitely a better name.
Was Kara a) male, b) female, or c) neither? (Currently male.) Kara was always female, you're pretty sure.
Menkaure, Prince of Dust comes into view.
Menkaure shouts!
Menkaure calls on the powers of darkness!
Your body is wracked with pain!
Menkaure casts a spell.
Menkaure seems to speed up.
You slash Menkaure! You burn Menkaure.
Menkaure is severely damaged.
Menkaure barely misses you.
Kara hits Menkaure.
You hit Menkaure but do no damage.
Menkaure is almost destroyed.
Menkaure calls on the powers of darkness!
Your body is wracked with pain!
* * * LOW HITPOINT WARNING * * *
Kara barely misses Menkaure.
Menkaure hits you!!
You die...

..# ..# ..# ####..#
#.....# #####
#.....########...#
#@M.#......<...#.#
###R###########...#
##.#.######## ##.##
#...........# #.#
##.#!######.#####.#
.....# #.......#
#.....# #########
.......# ###.....#


You could see the friendly Kara the ancestor and Menkaure (fast, ally target).

Vanquished Creatures
  A water moccasin (D:6)
  A black bear (D:4)
  2 ogres (D:5)
  A centaur (D:5)
  A phantom (D:5)
  A scorpion (D:5)
  A howler monkey (D:6)
  2 jellies
  A hound (D:5)
  2 orc priests (D:4)
  A gnoll bouda (D:5)
  A sleepcap (D:5)
  An iguana (D:4)
  2 orc wizards
  3 adders
  3 gnolls (D:5)
  A white imp (D:5)
  3 ufetubi
  2 worms
  3 dart slugs
  7 orcs
  5 ball pythons
  4 endoplasms
  4 giant cockroaches
  7 goblins
  6 hobgoblins
  5 jackals
  4 kobolds
  5 quokkas
  A bat (D:2)
  5 frilled lizards
  6 rats
92 creatures vanquished.

Notes
Turn   | Place    | Note
-------+----------+-------------------------------------------
     0 | D:1      | pkoi the Draconian Warper began the quest for the Orb.
     0 | D:1      | Reached XP level 1. HP: 17/17 MP: 3/3
   296 | D:1      | Reached XP level 2. HP: 24/24 MP: 5/5
   507 | D:1      | Reached skill level 3 in Unarmed Combat
   861 | D:2      | Reached XP level 3. HP: 29/29 MP: 6/6
   914 | D:2      | Got Sif Muna's Handbook of Mustering and Black Rituals
  1003 | D:2      | Learned a level 2 spell: Blink
  1072 | D:2      | Identified the +9 scimitar "Zopued" {flame, rPois Dex+3}
  1521 | D:2      | Found a faded altar of an unknown god.
  1683 | D:3      | Reached skill level 4 in Unarmed Combat
  1753 | D:3      | Reached XP level 4. HP: 36/36 MP: 7/7
  1807 | D:3      | Reached skill level 1 in Evocations
  2040 | D:4      | Noticed a black bear
  2046 | D:4      | Killed a black bear
  2047 | D:4      | Reached skill level 5 in Unarmed Combat
  2047 | D:4      | Reached XP level 5. HP: 22/41 MP: 8/8
  2273 | D:4      | Reached skill level 6 in Unarmed Combat
  2273 | D:4      | Reached XP level 6. HP: 34/48 MP: 9/9
  2952 | D:5      | Entered Level 5 of the Dungeon
  2964 | D:5      | Learned a level 4 spell: Manifold Assault
  2976 | D:5      | Found a staircase to the Ecumenical Temple.
  2997 | Temple   | Entered the Ecumenical Temple
  3247 | Temple   | Became a worshipper of Hepliaklqana the Forgotten
  3453 | D:5      | Your scales start taking on a rich purple colour.
  3453 | D:5      | Reached XP level 7. HP: 34/55 MP: 10/10
  3456 | D:5      | Reached skill level 7 in Unarmed Combat
  3768 | D:5      | Identified the +1 long sword "Qaesy" {speed, rPois rC+
                  | rCorr}
  3793 | D:5      | Reached skill level 5 in Translocations
  4491 | D:6      | Reached skill level 8 in Unarmed Combat
  4491 | D:6      | Reached XP level 8. HP: 39/61 MP: 11/11
  4664 | D:6      | Noticed Edmund
  4731 | D:6      | Reached * piety under Hepliaklqana
  4756 | D:6      | Noticed Menkaure
  4761 | D:6      | Slain by Menkaure

Illustrated notes

Levels and vault maps discovered:
D:1:      lemuel_arrival_lava_pool, layout_basic
D:2:      layout_loops_ring, dilly_ecumenical_altar_fadedgnrine
D:3:      layout_basic
D:4:      layout_loops_ring, chequers_serial_rivers_small_b
D:5:      layout_layer_cave, minmay_temple_entry_large_hall
D:6:      layout_loops_ring, grunt_decor_cap, uniq_menkaure, uniq_edmund,
          uniq_sigmund
Temple:   compressed_dpeg_triangle_lava_temple

Skill      XL: |  1  2  3  4  5  6  7 |
---------------+----------------------+-----
Unarmed Combat | 3 4 5 6 8 |  8.1
Evocations     | 1 |  1.4
Translocations | 4 5 |  5.7
Fighting       | |  2.1
Throwing       | |  0.8
Dodging        | |  2.1
Spellcasting   | |  2.4

Action                     |  1- 3 |  4- 6 |  7- 9 || total
---------------------------+-------+-------+-------++-------
  Melee: Unarmed           |    85 |       |       ||    85
         Tailslap          |    15 |     6 |     6 ||    27
         Punch             |     3 |     1 |     1 ||     5
         Scimitar          |    30 |    72 |    41 ||   143
 Invoke: Ancestor Identity |       |       |     1 ||     1
Ability: Breathe Dispellin |       |       |     1 ||     1
    Use: Scroll            |     3 |     6 |     3 ||    12
         Potion            |     1 |       |       ||     1
   Stab: Sleeping          |       |     1 |       ||     1
 Armour: Skin              |    34 |    20 |    18 ||    72
  Dodge: Dodged            |    73 |    61 |    39 ||   173
